AoeStats
← Clueless Clown

Black Forest

504556857Analyzed
2v2 RM · 26d ago on Sep 5, 2026· 49m 25s· 4 players
Game mode
Random Map
Map size
Medium (4 player)
Population
200
Speed
Normal
Resources
Standard
Victory
Conquest
Starting age
Dark Age
Ending age
Imperial Age
RankedLock teamsTeams togetherTeam positionsShared explorationLock speedFull tech treeHidden civsTurbo modeCheats
Victory
Defeat
🇹🇷 Franks · Türkiye
1033
+16
🇺🇸 Spanish · United States
995
+17
🇸🇪 Khmer · Sweden
1040
-17
🇸🇪 Franks · Sweden
1017
-16
Bs.k
1:56 Loom
13:02 Feudal Age
16:34 Castle Age
15:20 Gold Mining
20:42 Double-Bit Axe
29:13 Wheelbarrow
29:36 Gold Shaft Mining
28:52 Stone Mining
31:56 Imperial Age
30:48 Scale Barding Armor
30:54 Forging
31:29 Hand Cart
31:14 Fletching
31:24 Padded Archer Armor
31:48 Caravan
32:54 Chain Barding Armor
33:09 Iron Casting
32:57 Bodkin Arrow
34:22 Cavalier
35:03 Husbandry
37:07 Plate Barding Armor
37:33 Blast Furnace
36:07 Elite Skirmisher
37:27 Conscription
37:14 Chivalry
37:39 Bow Saw
37:52 Leather Archer Armor
37:02 Paladin
38:02 Town Watch
42:41 Masonry
47:15 Guard Tower
48:45 Pikeman
49:25 Squires
BK1324
0:32 Loom
13:03 Feudal Age
13:59 Double-Bit Axe
17:40 Castle Age
15:27 Horse Collar
21:23 Wheelbarrow
23:38 Bow Saw
23:56 Heavy Plow
25:38 Gold Mining
27:53 Gold Shaft Mining
28:23 Bloodlines
29:33 Hand Cart
29:10 Light Cavalry
30:16 Scale Barding Armor
30:15 Caravan
34:35 Imperial Age
33:35 Forging
35:05 Husbandry
35:18 Double Crossbow
34:45 Hussar
37:23 Chemistry
37:36 Crop Rotation
37:30 Conscription
38:00 Heavy Scorpion
39:17 Siege Engineers
41:44 Tusk Swords
41:43 Elite Battle Elephant
hadibaaayım
1:48 Loom
11:14 Feudal Age
12:23 Double-Bit Axe
14:31 Gold Mining
14:29 Fishing Lines
20:06 Castle Age
20:27 Forging
20:23 Scale Barding Armor
21:36 Bow Saw
27:14 Gold Shaft Mining
26:29 Stone Mining
30:55 Imperial Age
29:24 Chain Barding Armor
30:01 Wheelbarrow
29:11 Town Watch
34:31 Iron Casting
34:32 Plate Barding Armor
34:31 Conscription
34:32 #83
33:33 Elite Throwing Axeman
34:48 Hoardings
36:24 Blast Furnace
35:33 Caravan
36:04 Coinage
38:33 Banking
38:37 Cavalier
39:20 Husbandry
38:41 Light Cavalry
39:30 Chivalry
40:44 Padded Archer Armor
40:35 Fletching
40:46 Scale Mail Armor
40:38 Paladin
41:31 Pikeman
42:12 Squires
42:35 Fortified Wall
42:21 Murder Holes
42:31 Siege Engineers
42:37 Masonry
42:48 Ballistics
43:28 Chemistry
42:14 Arrowslits
42:19 Guard Tower
50:03 Leather Archer Armor
Clueless Clown
11:59 Feudal Age
13:45 Double-Bit Axe
14:11 Loom
17:13 Castle Age
15:00 Horse Collar
15:50 Gold Mining
24:05 Wheelbarrow
24:05 Bow Saw
24:12 Redemption
24:15 Fervor
24:25 Sanctity
24:47 Fishing Lines
25:55 Hand Cart
25:58 Devotion
27:56 Heavy Plow
30:57 Imperial Age
29:06 Gillnets
29:35 Scale Barding Armor
29:41 Forging
30:21 Bloodlines
30:12 Husbandry
30:54 Chain Barding Armor
30:48 Fletching
31:24 Inquisition
31:31 Caravan
31:58 Guilds
32:13 Conscription
31:53 Cavalier
33:40 Two-Man Saw
32:42 Bodkin Arrow
33:39 Plate Barding Armor
33:39 Iron Casting
33:50 Bracer
34:15 Block Printing
34:37 Theocracy
34:29 Illumination
35:22 Padded Archer Armor
34:47 Paladin
36:40 Chemistry
36:01 Ballistics
36:26 Atonement
36:51 Murder Holes
37:07 Masonry
36:45 Elite Conquistador
38:35 Bombard Tower
38:35 Ballistics
38:26 Fortified Wall
40:05 Blast Furnace
42:10 Architecture
42:16 Stone Mining
48:10 Sappers
49:01 Supremacy
49:16 Hoardings
48:59 Capped Ram
Connection lost

Rejoining the realm…

Still unreachable

The connection could not be restored.

Session expired

The server has moved on; the page needs a fresh start.